 Dungeon Crawl Stone Soup version 0.29-a0-378-gc08b2e8bf8 (webtiles) character file.

Game seed: 7882158322179317133

3481 mandarbmax the Archer (level 10, -6/53 HPs)
             Began as a Tengu Hunter on May 5, 2022.
             Was a Believer of Nemelex Xobeh.
             Mangled by a cyan ugly thing (19 damage)
             ... on level 6 of the Dungeon.
             The game lasted 00:14:03 (6070 turns).

mandarbmax the Archer (Tengu Hunter)                Turns: 6070, Time: 00:14:05

Health: -6/53      AC:  7    Str: 14    XL:     10   Next: 7%
Magic:  15/15      EV: 21    Int:  9    God:    Nemelex Xobeh [**....]
Gold:   159        SH:  0    Dex: 22    Spells: 9/9 levels left

rFire   . . .      SeeInvis .   a - +3 shortbow
rCold   . . .      Faith    .   (shield currently unavailable)
rNeg    . . .      Spirit   .   o - +1 robe "Zareh" {Harm Str+2}
rPois   .          Reflect  .   (helmet restricted)
rElec   .          Harm     +   (no cloak)
rCorr   .          Rampage  .   (no gloves)
Will    .....                   (boots unavailable)
Stlth   +++.......              (no amulet)
HPRegen 0.17/turn               c - +4 ring of protection
MPRegen 0.14/turn               (no ring)

@: about to teleport, flying quickly and evasively, quick
A: beak, talons 3, nimble flight
a: Renounce Religion, Draw Escape, Draw Destruction, Draw Summoning


You were on level 6 of the Dungeon.
You worshipped Nemelex Xobeh.
Nemelex Xobeh was pleased with you.
You visited 1 branch of the dungeon, and saw 6 of its levels.
You also visited: Sewer.

You collected 208 gold pieces.
You spent 49 gold pieces at shops.

Inventory:

Hand Weapons
 a - a +3 shortbow (weapon)
Armour
 o - the +1 robe "Zareh" (worn) {Harm Str+2}
   (You found it on level 2 of the Dungeon)

   Str:       It affects your strength (+2).
   Harm:      It increases damage dealt and taken.
Jewellery
 c - a +4 ring of protection (left hand)
Wands
 t - a wand of flame (17)
Scrolls
 d - a scroll of amnesia
 f - 4 scrolls of teleportation
 j - 2 scrolls of vulnerability
 k - a scroll of blinking
 u - a scroll of enchant armour
 w - a scroll of fog
Potions
 b - 2 potions of heal wounds
 e - a potion of berserk rage {unknown}
 h - 4 potions of haste {unknown}
 i - 2 potions of mutation {unknown}
 l - 2 potions of magic {unknown}
 m - a potion of might
 n - a potion of lignification {unknown}
 p - 2 potions of invisibility
 q - a potion of cancellation
 r - 2 potions of curing
 s - 2 potions of attraction
 v - 2 potions of brilliance {unknown}
 x - a potion of flight {unknown}


   Skills:
 - Level 2.0 Fighting
 * Level 12.2 Bows
 + Level 7.3 Dodging
 + Level 2.4 Stealth
 + Level 5.6 Invocations


You had 9 spell levels left.
You didn't know any spells.
Your spell library contained the following spells:

 Spells                   Type           Power      Damage    Failure   Level
 Gell's Gravitas          Tloc           0%         N/A       77%         3
 Lesser Beckoning         Tloc           0%         N/A       77%         3
 Teleport Other           Tloc           0%         N/A       77%         3
 Summon Ice Beast         Ice/Summ       0%         N/A       99%         4
 Summon Mana Viper        Hex/Summ       0%         N/A       100%        5
 Monstrous Menagerie      Summ           0%         N/A       100%        7


Dungeon Overview and Level Annotations

Branches:
Dungeon (6/15)              Sewer (visited)
 Temple: D:4-7

Altars:
Fedhas
Nemelex Xobeh
Trog
Uskayaw
Wu Jian

Shops:
D:1 :   D:4 *

Portals:
Abyss: D:4

Annotations:
D:4 2 transporters, NateTC's ghost, amateur GrFi


Innate Abilities, Weirdness & Mutations

You have a beak for a mouth.
You have claws for feet.
Your magical nature lets you fly swiftly and evasively.


Message History

There is an open door here.
Found a leather armour.
A two-headed ogre comes into view.
It is wielding a +0 giant club and a +0 giant spiked club.
A two-headed ogre is nearby!
You shoot an arrow. The arrow hits the two-headed ogre.
The two-headed ogre is lightly wounded.
You hear a horrible gurgling sound!
A cyan ugly thing comes into view.
You hear a shout!
You hear a bark!
You shoot an arrow.
The arrow closely misses the cyan ugly thing.
You hear an angry hiss.
You hear a bark!
You shoot an arrow. The arrow hits the cyan ugly thing.
The cyan ugly thing is lightly wounded.
You shoot an arrow. The arrow hits the cyan ugly thing!
The cyan ugly thing is moderately wounded.
The cyan ugly thing bites you! The cyan ugly thing shocks you!
You draw a card...
You have drawn the Storm.
A fierce wind blows from the card.
The cyan ugly thing is blown away by the wind.
You hear mighty peals of thunder!
Unknown command.
Unknown command.
Unknown command.
Unknown command.
As you read the scroll of teleportation, it crumbles to dust.
You feel strangely unstable.
You draw a card...
You have drawn Vitriol.
Press: ? - help, Shift-Dir - straight line, f/p - cyan ugly thing
Aim: a cyan ugly thing (moderately wounded)
The glob of acid hits the cyan ugly thing!!
The acid corrodes the cyan ugly thing!
The cyan ugly thing is almost dead.
You hear a bark!
A gnoll sergeant comes into view. It is wielding a +0 spear.
The cyan ugly thing bites you!
* * * LOW HITPOINT WARNING * * *
The cyan ugly thing shocks you!
You die...
Your body disappears without a glow.

,+,,,,,,,*,**,,,*,*,,***,,,,,^***
**,,,,,,,*,*,,,,*,,,,,,,,,,,,,,,,
**,,,,,..#,*,,,,*,,**,**,**,**,*,
,+,,,,,....,,,,,,,***************
**,,,,,.....*,,,,##,*,,*,,*,,***,
**,,,,......#####g,*,,*,,*,,*,,**
,+,,,,......#....##,,*,,*,,*,,**,
**,,,,,.........u.##*************
*****,,#.......@O.#*,**,**,**,*,
****,,#...[....#......,,,,,,,,,
*,...,#......#.#,#..##,****,,**
***,...,#......#...*,##*,,,,,,**
,,,,,...#......###...,,,,******
,**,**#..#..##.# *.###**** ,**,*
#..#..##.# *,# ***,*
#......#.#**,*
,,*,#####...##..,,,*


You could see a cyan ugly thing (corroded), a two-headed ogre and a gnoll
sergeant.

Vanquished Creatures
  A hornet (D:5)
  4 yaks (D:5)
  2 wyverns
  4 water moccasins (D:4)
  An orc warrior (D:4)
  An ogre (D:6)
  3 black bears
  Blork the orc (D:4)
  2 bullfrogs (Sewer)
  A necrophage (D:5)
  4 scorpions
  A howler monkey (D:5)
  An orc priest (D:6)
  A hound (D:5)
  3 jellies
  An iguana (D:4)
  7 orc wizards
  19 adders
  13 gnolls
  8 river rats (Sewer)
  2 white imps
  A worm (D:2)
  6 dart slugs
  17 orcs
  17 endoplasms
  A giant cockroach (D:1)
  9 hobgoblins
  7 jackals (D:1)
  3 quokkas
  14 ball pythons
  8 bats
  6 frilled lizards
  10 goblins
  14 kobolds
  25 rats
218 creatures vanquished.

Vanquished Creatures (collateral kills)
  A black bear (D:5)
  A hound (D:5)
  An ufetubus (D:5)
  A dart slug (D:5)
4 creatures vanquished.

Vanquished Creatures (others)
  5 fungi (D:2)
  3 plants (D:1)
  9 toadstools (D:2)
17 creatures vanquished.

Grand Total: 239 creatures vanquished

Notes
Turn   | Place    | Note
-------+----------+-------------------------------------------
     0 | D:1      | mandarbmax the Tengu Hunter began the quest for the Orb.
     0 | D:1      | Reached XP level 1. HP: 12/12 MP: 2/2
   225 | D:1      | Reached XP level 2. HP: 14/17 MP: 3/3
   230 | D:1      | Reached skill level 5 in Bows
   499 | D:1      | Found Doptadoco's Book Shop.
   566 | D:1      | Reached XP level 3. HP: 21/21 MP: 4/4
  1112 | D:2      | Identified the +1 robe "Zareh" {Harm Str+2}
  1226 | D:2      | Reached skill level 6 in Bows
  1278 | D:2      | Reached XP level 4. HP: 23/26 MP: 5/5
  2060 | D:2      | Gained mutation: Your magical nature lets you fly swiftly
                  | and evasively. [Tengu growth]
  2060 | D:2      | Reached XP level 5. HP: 30/30 MP: 6/6
  2062 | D:2      | Reached skill level 7 in Bows
  2387 | D:3      | Found a sparkling altar of Nemelex Xobeh.
  2392 | D:3      | Became a worshipper of Nemelex Xobeh the Trickster
  2605 | D:3      | Reached XP level 6. HP: 32/35 MP: 7/7
  2819 | D:3      | Reached skill level 1 in Invocations
  3181 | D:4      | Reached skill level 8 in Bows
  3248 | D:4      | Noticed a wyvern
  3252 | D:4      | Killed a wyvern
  3253 | D:4      | Reached XP level 7. HP: 27/40 MP: 9/9
  3400 | D:4      | Found a transporter.
  3417 | D:4      | Found a one-way gate to the infinite horrors of the Abyss.
  3417 | D:4      | Noticed NateTC's ghost (amateur GrFi)
  3564 | D:4      | Noticed Blork the orc
  3569 | D:4      | Killed Blork the orc
  3629 | D:4      | Found Jienosuc's Serpentskin Sales.
  3632 | D:4      | Reached skill level 9 in Bows
  3632 | D:4      | Reached XP level 8. HP: 44/44 MP: 9/11
  3652 | D:4      | Bought a scroll of poison for 49 gold pieces
  3962 | D:4      | Reached skill level 5 in Dodging
  4158 | D:4      | Reached skill level 10 in Bows
  4275 | D:4      | Found a transporter.
  4329 | D:4      | Found an ornate altar of the Wu Jian Council.
  4482 | D:5      | Entered Level 5 of the Dungeon
  4511 | D:5      | Reached * piety under Nemelex Xobeh
  4526 | D:5      | Found a hide-covered altar of Uskayaw.
  4542 | D:5      | Noticed a hornet
  4547 | D:5      | Killed a hornet
  4548 | D:5      | Reached XP level 9. HP: 48/48 MP: 11/13
  4685 | D:5      | Received a gift from Nemelex Xobeh
  4998 | D:5      | Found a blossoming altar of Fedhas.
  5105 | D:5      | Reached skill level 11 in Bows
  5186 | D:5      | Reached skill level 5 in Invocations
  5311 | D:5      | Found a bloodstained altar of Trog.
  5545 | D:6      | Found a glowing drain.
  5559 | Sewer    | Entered a sewer
  5699 | Sewer    | Reached ** piety under Nemelex Xobeh
  5917 | D:6      | Reached skill level 12 in Bows
  5962 | D:6      | Reached XP level 10. HP: 53/53 MP: 15/15
  6063 | D:6      | Noticed a two-headed ogre
  6064 | D:6      | Noticed a cyan ugly thing
  6070 | D:6      | Mangled by a cyan ugly thing

Illustrated notes

Levels and vault maps discovered:
D:1:      dpeg_chamrin_arrival_tetris, layout_basic, serial_shops,
          nicolae_shop_behind_doors, nicolae_concentric_dashed_squares_mild,
          chequers_big_river
D:2:      cheibrodos_fertilizer, layout_loops_ring, minmay_tiny_reverse_x
D:3:      layout_basic, nemelex_diamond_rough_becter
D:4:      minmay_wonky_spiral, layout_basic, nicolae_overflow_hidden_temple,
          gammafunk_ghost_abyssal_escape, minmay_strange_pillars,
          guppyfry_shop_venom, uniq_blork_the_orc
D:5:      layout_loops_corners, trog_hazing_becter,
          eat_drink_and_be_merry_uskayaw, fedhas_ov_isle_minmay, st_stairs_3
D:6:      layout_basic, portal_sewer_entry_d, minmay_manual_macuahuitl

Skill      XL: |  1  2  3  4  5  6  7  8  9 |
---------------+----------------------------+-----
Bows           | 5 6 7 8 9 10 12 | 12.2
Invocations    | 2 3 4 5 |  5.6
Dodging        | 3 4 5 7 |  7.3
Stealth        | 2 |  2.4
Fighting       | |  2.0

Action                   |  1- 3 |  4- 6 |  7- 9 | 10-12 || total
-------------------------+-------+-------+-------+-------++-------
 Fire: Shortbow          |    64 |   151 |   251 |    20 ||   486
Invok: Draw Destruction  |       |       |     3 |     2 ||     5
       Draw Summoning    |       |       |     1 |       ||     1
  Use: Potion            |       |     1 |       |       ||     1
       Scroll            |       |    10 |    10 |     1 ||    21
Armor: Leather armour    |     8 |       |       |       ||     8
       Robe              |     3 |     2 |    16 |       ||    21
Dodge: Dodged            |    27 |    32 |    58 |     1 ||   118

Table legend: (Time is in decaauts)
 A = Elapsed time spent in this place.
 B = Non-inter-level travel time spent in this place.
 C = Inter-level travel time spent in this place.
 D = Time resting spent in this place.
 E = Time spent auto-exploring this place.
 F = Levels seen in this place.
 G = Mean time per level.
                   A        B        C        D        E       F      G
               +--------+--------+--------+--------+--------+-----+--------+
         Total |   5887 |   5609 |    278 |    611 |   4032 |   7 |  841.0 |
       Dungeon |   5564 |   5286 |    278 |    611 |   3819 |   6 |  927.3 |
         Sewer |    323 |    323 |      0 |      0 |    213 |   1 |  323.0 |
               +--------+--------+--------+--------+--------+-----+--------+

Top non-repeatable levels by time:
     D:1: 1193 daAuts
     D:4: 1169 daAuts
     D:3: 1038 daAuts
     D:2: 1019 daAuts
     D:5: 921 daAuts
   Sewer: 323 daAuts
     D:6: 222 daAuts
